3L
MONTANA PANDAS @ VANCOUVER GREY WOLVES
06/10/2041
 
TOP OF THE 1ST
Montana Pandas batting - Pitching for Vancouver Grey Wolves : LHP Hong-bin Hua
Pitching: LHP Hong-bin Hua
Batting: RHB Gabrio Campoverde 0-0: Ball
1-0: Called Strike
1-1: Ball
2-1: Ball
3-1: Base on Balls
Batting: RHB Edgar Baeza 0-0: Ball
1-0: Foul Ball, location: 2F
1-1: Ball
2-1: Foul Ball, location: 2F
2-2: Fly out, F9 (Flyball, 9S, EV 83.1 MPH)
Batting: RHB Shimei Miura 0-0: Called Strike
0-1: Ball
1-1: Ball
2-1: SINGLE (Groundball, 56D, EV 106.9 MPH)
Gabrio Campoverde to second
Batting: RHB Martín Talia 0-0: Ball
1-0: Called Strike
1-1: Ball
2-1: Ball
3-1: Base on Balls
Gabrio Campoverde to third
Shimei Miura to second
Batting: RHB Eikki Kankaanperä 0-0: Ball
1-0: Ball
2-0: Ball
3-0: Called Strike
3-1: Fly out, F9 (Line Drive, 9D, EV 101.9 MPH)
Runner from 3rd tags up, SCORES, no throw by RF
Batting: SHB Manu Pakkarinen 0-0: Hit by Pitch
Shimei Miura to third
Martín Talia to second
Batting: LHB Rio Mence 0-0: Called Strike
0-1: Swinging Strike
0-2: Fly out, F7 (Flyball, 7LMF, EV 101.9 MPH)
Top of the 1st over - 1 run, 1 hit, 0 errors, 3 left on base; Montana 1 - Vancouver 0
BOTTOM OF THE 1ST
Vancouver Grey Wolves batting - Pitching for Montana Pandas : RHP Lester Roadley
Pitching: RHP Lester Roadley
Batting: LHB Robbie Brendle 0-0: Called Strike
0-1: Swinging Strike
0-2: Ground out 4-3 (Groundball, 34, EV 83.8 MPH)
Batting: LHB José Arras 0-0: Reached on error, E4 (Groundball, 34, EV 104.4 MPH)
Batting: RHB Rafael Maldonado 0-0: Ball
1-0: Ball
2-0: Ball
3-0: Called Strike
3-1: Base on Balls
Batting: LHB Javier Sánchez 0-0: Foul Ball, location: 2F
0-1: Fly out, F8 (Flyball, 89S, EV 91.2 MPH)
Batting: RHB Phil van Oosterom 0-0: Ball
1-0: Called Strike
1-1: DOUBLE (Line Drive, 8LXD, EV 101.9 MPH)
José Arras scores
Rafael Maldonado to third
Batting: RHB David Stone 0-0: Ball
1-0: Ball
2-0: Called Strike
2-1: Ground out 4-3 (Groundball, 4, EV 108.1 MPH)
Bottom of the 1st over - 1 run, 1 hit, 1 error, 2 left on base; Montana 1 - Vancouver 1
TOP OF THE 2ND
Montana Pandas batting - Pitching for Vancouver Grey Wolves : LHP Hong-bin Hua
Batting: LHB Hai-feng Tang 0-0: Ball
1-0: Foul Ball, location: 2F
1-1: SINGLE (Groundball, 6MD, EV 101.9 MPH)
Batting: RHB Felix Plugge 0-0: Called Strike
0-1: Ball
1-1: Ball
2-1: Called Strike
2-2: Foul Ball, location: 2F
2-2: Foul Ball, location: 2F
2-2: Strikes out swinging
Batting: RHB Gabrio Campoverde 0-0: Foul Ball, location: 2F
0-1: Called Strike
0-2: Foul Ball, location: 2F
0-2: Strikes out swinging
Batting: RHB Edgar Baeza 0-0: Ball
1-0: Called Strike
1-1: Ball
2-1: Foul Ball, location: 2F
2-2: Ball
3-2: Base on Balls
Hai-feng Tang to second
Batting: RHB Shimei Miura 0-0: Foul Ball, location: 2F
0-1: Ball
1-1: Fly out, F7 (Flyball, 78M, EV 91.2 MPH)
Top of the 2nd over - 0 runs, 1 hit, 0 errors, 2 left on base; Montana 1 - Vancouver 1
BOTTOM OF THE 2ND
Vancouver Grey Wolves batting - Pitching for Montana Pandas : RHP Lester Roadley
Batting: RHB Hani Azwan 0-0: Ball
1-0: Ball
2-0: Ball
3-0: Called Strike
3-1: Foul Ball, location: 2F
3-2: Foul Ball, location: 2F
3-2: Foul Ball, location: 2F
3-2: Foul Ball, location: 2F
3-2: SOLO HOME RUN (Flyball, 78XD, EV 90.0 MPH), Distance : 384 ft
Batting: LHB Gerardo Ponce de Leon 0-0: Swinging Strike
0-1: Ground out 4-3 (Groundball, 34D, EV 95.0 MPH)
Batting: RHB Kevin Malone 0-0: Called Strike
0-1: Ground out U3 (Groundball, 3, EV 102.5 MPH)
Batting: LHB Robbie Brendle 0-0: Called Strike
0-1: Foul Ball, location: 2F
0-2: Strikes out swinging, 2-3 out at first.
Bottom of the 2nd over - 1 run, 1 hit, 0 errors, 0 left on base; Montana 1 - Vancouver 2
TOP OF THE 3RD
Montana Pandas batting - Pitching for Vancouver Grey Wolves : LHP Hong-bin Hua
Batting: RHB Martín Talia 0-0: Ball
1-0: Ball
2-0: Ball
3-0: Called Strike
3-1: Ground out 5-3 (Groundball, 5, EV 109.4 MPH)
Batting: RHB Eikki Kankaanperä 0-0: Ball
1-0: Foul Ball, location: 2F
1-1: Called Strike
1-2: Strikes out swinging
Batting: SHB Manu Pakkarinen 0-0: Fly out, F8 (Flyball, 89M, EV 93.1 MPH)
Top of the 3rd over - 0 runs, 0 hits, 0 errors, 0 left on base; Montana 1 - Vancouver 2
BOTTOM OF THE 3RD
Vancouver Grey Wolves batting - Pitching for Montana Pandas : RHP Lester Roadley
Batting: LHB José Arras 0-0: Ball
1-0: Foul Ball, location: 2F
1-1: Ball
2-1: Foul Ball, location: 2F
2-2: Ground out 4-3 (Groundball, 4, EV 108.1 MPH)
Batting: RHB Rafael Maldonado 0-0: Swinging Strike
0-1: SINGLE (Groundball, 6MD, EV 101.9 MPH)
Batting: LHB Javier Sánchez 0-0: Called Strike
0-1: Ball
1-1: Called Strike
1-2: Ball
2-2: Foul Ball, location: 2F
2-2: Ball
3-2: Foul Ball, location: 2F
3-2: Strikes out swinging
Batting: RHB Phil van Oosterom 0-0: Ball
1-0: Called Strike
1-1: Ball
2-1: Ball
3-1: Base on Balls
Rafael Maldonado to second
Batting: RHB David Stone 0-0: Ball
1-0: Foul Ball, location: 2F
1-1: Ball
2-1: Called Strike
2-2: Strikes out swinging
Bottom of the 3rd over - 0 runs, 1 hit, 0 errors, 2 left on base; Montana 1 - Vancouver 2
TOP OF THE 4TH
Montana Pandas batting - Pitching for Vancouver Grey Wolves : LHP Hong-bin Hua
Batting: LHB Rio Mence 0-0: Ball
1-0: Ball
2-0: Called Strike
2-1: Ball
3-1: Fly out, F6 (Popup, 56D, EV 56.9 MPH)
Batting: LHB Hai-feng Tang 0-0: Swinging Strike
0-1: Swinging Strike
0-2: Ball
1-2: Foul Ball, location: 2F
1-2: SINGLE (Groundball, 3D, EV 100.6 MPH)
Batting: RHB Felix Plugge 0-0: Ball
1-0: Ball
2-0: Called Strike
2-1: Foul Ball, location: 2F
2-2: Fly out, F8 (Line Drive, 8LD, EV 86.9 MPH)
Batting: RHB Gabrio Campoverde 0-0: Ball
1-0: Called Strike
1-1: Fly out, F8 (Flyball, 8LD, EV 85.0 MPH)
Top of the 4th over - 0 runs, 1 hit, 0 errors, 1 left on base; Montana 1 - Vancouver 2
BOTTOM OF THE 4TH
Vancouver Grey Wolves batting - Pitching for Montana Pandas : RHP Lester Roadley
Batting: RHB Hani Azwan 0-0: Ball
1-0: Called Strike
1-1: Ball
2-1: Fly out, F8 (Flyball, 78M, EV 88.8 MPH)
Batting: LHB Gerardo Ponce de Leon 0-0: Called Strike
0-1: SINGLE (Line Drive, 4M, EV 103.1 MPH)
Batting: RHB Kevin Malone Pickoff Throw to First - Out! 1-3
0-0: Ball
1-0: Swinging Strike
1-1: Ball
2-1: SINGLE (Line Drive, 56, EV 104.4 MPH)
Batting: LHB Robbie Brendle 0-0: Foul Ball, location: 2F
0-1: Fielders Choice at 2nd, 6-4 (Groundball, 6, EV 93.8 MPH)
Bottom of the 4th over - 0 runs, 2 hits, 0 errors, 1 left on base; Montana 1 - Vancouver 2
TOP OF THE 5TH
Montana Pandas batting - Pitching for Vancouver Grey Wolves : LHP Hong-bin Hua
Batting: RHB Edgar Baeza 0-0: Foul Ball, location: 2F
0-1: Ball
1-1: Ball
2-1: Ground out 6-3 (Groundball, 6, EV 103.8 MPH)
Batting: RHB Shimei Miura 0-0: Foul Ball, location: 2F
0-1: Foul Ball, location: 2F
0-2: Ball
1-2: Foul Ball, location: 2F
1-2: SOLO HOME RUN (Flyball, 78XD, EV 104.4 MPH), Distance : 364 ft
Batting: RHB Martín Talia 0-0: Called Strike
0-1: Ball
1-1: Ball
2-1: Fly out, F9 (Flyball, 9LS, EV 75.0 MPH)
Batting: RHB Eikki Kankaanperä 0-0: Ball
1-0: Ground out 6-3 (Groundball, 6MS, EV 65.6 MPH)
Top of the 5th over - 1 run, 1 hit, 0 errors, 0 left on base; Montana 2 - Vancouver 2
BOTTOM OF THE 5TH
Vancouver Grey Wolves batting - Pitching for Montana Pandas : RHP Lester Roadley
Batting: LHB José Arras 0-0: Ball
1-0: Called Strike
1-1: Foul Ball, location: 2F
1-2: Fly out, F8 (Flyball, 8RS, EV 90.6 MPH)
Batting: RHB Rafael Maldonado 0-0: Swinging Strike
0-1: Foul Ball, location: 2F
0-2: Ground out 6-3 (Groundball, 6, EV 79.4 MPH)
Batting: LHB Javier Sánchez 0-0: Ball
1-0: Ball
2-0: Ball
3-0: Called Strike
3-1: Base on Balls
Batting: RHB Phil van Oosterom 0-0: Foul Ball, location: 2F
0-1: Called Strike
0-2: Foul Ball, location: 2F
0-2: Ball
1-2: Ground out 4-3 (Groundball, 4, EV 111.2 MPH)
Bottom of the 5th over - 0 runs, 0 hits, 0 errors, 1 left on base; Montana 2 - Vancouver 2
TOP OF THE 6TH
Montana Pandas batting - Pitching for Vancouver Grey Wolves : LHP Hong-bin Hua
Pitching: RHP Terry Lesage
Batting: SHB Manu Pakkarinen 0-0: Ball
1-0: Foul Ball, location: 2F
1-1: Foul Ball, location: 2F
1-2: Ground out 6-3 (Groundball, 6, EV 92.5 MPH)
Batting: LHB Rio Mence 0-0: Ball
1-0: Foul Ball, location: 2F
1-1: Called Strike
1-2: Strikes out swinging
Batting: LHB Hai-feng Tang 0-0: Foul Ball, location: 2F
0-1: Ground out 6-3 (Groundball, 4M, EV 100.0 MPH)
Top of the 6th over - 0 runs, 0 hits, 0 errors, 0 left on base; Montana 2 - Vancouver 2
BOTTOM OF THE 6TH
Vancouver Grey Wolves batting - Pitching for Montana Pandas : RHP Lester Roadley
Batting: RHB David Stone 0-0: Called Strike
0-1: Ball
1-1: SINGLE (Line Drive, 6D, EV 110.0 MPH)
Pitching: LHP José Sipe
Batting: RHB Hani Azwan 0-0: Ball
1-0: Fly out, F8 (Line Drive, 8LD, EV 94.4 MPH)
Batting: LHB Gerardo Ponce de Leon 0-0: Fielders Choice at 2nd, 4-6 (Groundball, 4, EV 88.1 MPH)
Batting: RHB Kevin Malone 0-0: Ball
1-0: SINGLE (Line Drive, 5D, EV 106.2 MPH)
Gerardo Ponce de Leon to second
Batting: LHB Robbie Brendle 0-0: Ball
Passed Ball!
Gerardo Ponce de Leon to third
Kevin Malone to second
1-0: Ball
2-0: Ball
3-0: Base on Balls
Batting: LHB José Arras 0-0: Called Strike
0-1: Foul Ball, location: 2F
0-2: Ball
1-2: Foul Ball, location: 2F
1-2: Foul Ball, location: 2F
1-2: Fly out, F9 (Flyball, 9LM, EV 106.9 MPH)
Bottom of the 6th over - 0 runs, 2 hits, 0 errors, 3 left on base; Montana 2 - Vancouver 2
TOP OF THE 7TH
Montana Pandas batting - Pitching for Vancouver Grey Wolves : RHP Terry Lesage
Now at 3B: Yoritomo Sato
Batting: RHB Felix Plugge 0-0: Called Strike
0-1: Fly out, F8 (Flyball, 8RD, EV 89.4 MPH)
Batting: RHB Gabrio Campoverde 0-0: Ball
1-0: Swinging Strike
1-1: Ball
2-1: Ball
3-1: Called Strike
3-2: Foul Ball, location: 2F
3-2: Base on Balls
Batting: RHB Edgar Baeza Pickoff Throw to First - Out! 1-3
0-0: DOUBLE (Flyball, 8RXD, EV 112.5 MPH)
Batting: RHB Shimei Miura 0-0: Ball
1-0: SINGLE (Groundball, 6D, EV 95.0 MPH)
Edgar Baeza to third
Runner from 3rd tries for Home, SAFE, throw by LF to home
Batting: RHB Martín Talia 0-0: Ball
1-0: Ball
2-0: Ball
3-0: Base on Balls
Shimei Miura to second
Pinch Runner at 2nd Brit Davis:
Batting: RHB Eikki Kankaanperä 0-0: Foul Ball, location: 2F
0-1: Ball
1-1: Swinging Strike
1-2: Strikes out swinging
Top of the 7th over - 1 run, 2 hits, 0 errors, 2 left on base; Montana 3 - Vancouver 2
BOTTOM OF THE 7TH
Vancouver Grey Wolves batting - Pitching for Montana Pandas : LHP José Sipe
Now at SS: Brit Davis
Batting: RHB Rafael Maldonado 0-0: Foul Ball, location: 2F
0-1: Ball
1-1: Ball
2-1: Ground out 5-3 (Groundball, 56, EV 110.0 MPH)
Batting: LHB Javier Sánchez 0-0: Ball
1-0: Ball
2-0: SINGLE (Line Drive, 78S, EV 92.5 MPH)
Batting: RHB Phil van Oosterom 0-0: Ball
1-0: Ball
2-0: Called Strike
2-1: Ball
3-1: Called Strike
3-2: 2-RUN HOME RUN (Line Drive, 78XD, EV 101.9 MPH), Distance : 374 ft
Batting: LHB Yoritomo Sato 0-0: Ball
1-0: Swinging Strike
1-1: Ball
2-1: Swinging Strike
2-2: Foul Ball, location: 2F
2-2: SINGLE (Groundball, 6MD, EV 96.2 MPH)
Pitching: RHP Karl Dandleton
Batting: RHB Hani Azwan 0-0: Ball
1-0: Called Strike
1-1: Fly out, F6 (Popup, P, EV 86.2 MPH)
Batting: LHB Gerardo Ponce de Leon 0-0: Ball
1-0: Ball
2-0: Ground out 4-3 (Groundball, 4, EV 86.9 MPH)
Bottom of the 7th over - 2 runs, 3 hits, 0 errors, 1 left on base; Montana 3 - Vancouver 4
TOP OF THE 8TH
Montana Pandas batting - Pitching for Vancouver Grey Wolves : RHP Terry Lesage
Pitching: RHP Juan Espinosa
Now in RF: Cameron Woolever
Batting: SHB Manu Pakkarinen 0-0: Called Strike
0-1: Ball
1-1: Swinging Strike
1-2: Strikes out swinging
Batting: LHB Rio Mence 0-0: Called Strike
0-1: Ball
1-1: Ball
2-1: Foul Ball, location: 2F
2-2: Foul Ball, location: 2F
2-2: Strikes out swinging
Batting: LHB Hai-feng Tang 0-0: Ball
1-0: Swinging Strike
1-1: Called Strike
1-2: Strikes out swinging
Top of the 8th over - 0 runs, 0 hits, 0 errors, 0 left on base; Montana 3 - Vancouver 4
BOTTOM OF THE 8TH
Vancouver Grey Wolves batting - Pitching for Montana Pandas : RHP Karl Dandleton
Batting: RHB Kevin Malone 0-0: Ball
1-0: Ground out 5-3 (Groundball, 56, EV 104.4 MPH)
Batting: LHB Robbie Brendle 0-0: Called Strike
0-1: Ball
1-1: Ground out 4-3 (Groundball, 4, EV 105.0 MPH)
Batting: LHB Cameron Woolever 0-0: Ground out U3 (Groundball, 34, EV 103.8 MPH)
Bottom of the 8th over - 0 runs, 0 hits, 0 errors, 0 left on base; Montana 3 - Vancouver 4
TOP OF THE 9TH
Montana Pandas batting - Pitching for Vancouver Grey Wolves : RHP Juan Espinosa
Pinch Hitting: LHB DeMarvion Overshown 0-0: Ball
1-0: Ball
2-0: Called Strike
2-1: Foul Ball, location: 2F
2-2: Strikes out looking
Pinch Hitting: LHB Gene Ricks 0-0: Called Strike
0-1: Reached on error, E5 (Groundball, 5, EV 84.4 MPH)
Batting: RHB Edgar Baeza 0-0: Ball
1-0: Called Strike
1-1: Ball
2-1: SINGLE (Line Drive, 8RS, EV 108.8 MPH)
Gene Ricks to second
Batting: RHB Brit Davis 0-0: Ball
1-0: Called Strike
1-1: Called Strike
1-2: Foul Ball, location: 2F
1-2: Ground out 5-3 (Groundball, 56S, EV 71.2 MPH)
Gene Ricks to third
Edgar Baeza to second
Batting: RHB Martín Talia 0-0: Ball
1-0: Fly out, F8 (Line Drive, 8RD, EV 104.4 MPH)
Top of the 9th over - 0 runs, 1 hit, 1 error, 2 left on base; Montana 3 - Vancouver 4
Tuesday, January 5th, 2021 - OOTP Baseball 20.8 Build 74